 Dungeon Crawl Stone Soup version 0.31-a0-667-g39726597b9 (webtiles) character file.

Game seed: 7461394464028556187

65377 SmokeWeed the Marksspriggan (level 14, -2/75 HPs)
             Began as a Spriggan Hunter on Sept 4, 2023.
             Was an Initiate of Gozag.
             Slain by an entropy weaver (6 damage)
             ... on level 2 of the Spider Nest.
             The game lasted 01:36:04 (20826 turns).

SmokeWeed the Marksspriggan (Spriggan Hunter)      Turns: 20826, Time: 01:36:05

Health: -2/75      AC:  5    Str:  7    XL:     14   Next: 75%
Magic:  27/27      EV: 30    Int: 12    God:    Gozag
Gold:   819        SH:  0    Dex: 28    Spells: 21/29 levels left

rFire   . . .        F - +4 arbalest (freeze)
rCold   . . .        (shield currently unavailable)
rNeg    . . .        a - +2 robe
rPois   .            i - +2 hat
rElec   .            Q - +2 cloak
rCorr   .            (gloves unavailable)
SInv    +            (boots unavailable)
Will    ++...        O - amulet of the acrobat
Stlth   ++++++       P - +6 ring of dexterity
HPRegen 0.32/turn    h - +4 ring of slaying
MPRegen 0.20/turn

%: acrobat
@: lethally poisoned (-2 -> -26), about to teleport, corroded, very quick
A: very small, no large weapons, unfitting armour, see invisible, speed 3
a: Renounce Religion, Potion Petition, Call Merchant, Bribe Branch


You were on level 2 of the Spider Nest.
You worshipped Gozag.
Gozag was pleased with you.
You visited 4 branches of the dungeon, and saw 19 of its levels.
You also visited: Bailey.

You collected 4714 gold pieces.
You spent 1320 gold pieces at shops.
You paid 2575 gold pieces to Gozag.

Inventory:

Hand Weapons
 F - a +4 arbalest of freezing (weapon)
Missiles
 u - 5 throwing nets
Armour
 a - a +2 robe (worn)
 i - a +2 hat (worn)
 Q - a +2 cloak (worn)
Jewellery
 h - a +4 ring of slaying (right hand)
 q - a ring of resist corrosion
 s - an amulet of magic regeneration
 t - a ring of poison resistance
 x - a ring of willpower
 y - a +6 ring of intelligence
 z - a +4 ring of slaying
 E - a ring of willpower
 H - a ring of flight
 O - an amulet of the acrobat (around neck)
 P - a +6 ring of dexterity (left hand)
Wands
 w - a wand of paralysis (21)
 A - a wand of quicksilver (3)
 C - a wand of roots (12)
Scrolls
 b - a scroll of butterflies
 j - a scroll of silence
 o - 2 scrolls of fog
 r - 2 scrolls of teleportation
 D - 2 scrolls of revelation
 G - 3 scrolls of blinking
 I - a scroll of amnesia
 J - a scroll of brand weapon
 K - a scroll of enchant armour
Potions
 c - a potion of berserk rage {unknown}
 d - 4 potions of magic
 e - 2 potions of mutation
 f - 3 potions of ambrosia
 g - a potion of attraction {unknown}
 m - 6 potions of curing
 n - 4 potions of brilliance
 p - a potion of might
 v - 3 potions of heal wounds
 B - 4 potions of haste


   Skills:
 + Level 9.5 Fighting
 + Level 18.6 Ranged Weapons
 + Level 10.5 Dodging
 + Level 11.4 Stealth
 + Level 8.0 Spellcasting
 + Level 0.1 Summonings
 + Level 2.3 Air Magic
 + Level 6.1 Poison Magic
 + Level 8.7 Evocations


You had 21 spell levels left.
You knew the following spells:

 Your Spells              Type           Power      Damage    Failure   Level
a - Olgreb's Toxic Radia  Pois           19%        N/A       12%         4
b - Necrotise             Necr           16%        1d4       14%         1
c - Swiftness             Air            10%        N/A       17%         3

Your spell library contained the following spells:

 Spells                   Type           Power      Damage    Failure   Level
 Sting                    Tmut/Pois      48%        1d5       4%          1
 Poisonous Vapours        Pois/Air       28%        N/A       4%          2
 Shock                    Conj/Air       28%        1d4       9%          1
 Apportation              Tloc           8%         N/A       14%         1
 Foxfire                  Conj/Fire      16%        2x1d4     14%         1
 Freeze                   Ice            16%        1d4       14%         1
 Summon Small Mammal      Summ           20%        N/A       14%         1
 Ensorcelled Hibernation  Hex/Ice        8%         N/A       22%         2
 Passwall                 Tmut/Erth      3%         N/A       22%         2
 Call Canine Familiar     Summ           5%         N/A       38%         3
 Frozen Ramparts          Ice            8%         1d2       41%         3
 Hailstorm                Conj/Ice       4%         3d4       41%         3
 Summon Guardian Golem    Hex/Summ       4%         N/A       41%         3
 Airstrike                Air            5%         2d(1-17)  50%         4
 Plasma Beam              Fire/Air       3%         2x1d13    100%        6
 Starburst                Conj/Fire      2%         6d3       100%        6
 Malign Gateway           Summ/Tloc      2%         N/A       100%        7
 Summon Horrible Things   Summ           2%         N/A       100%        8


Dungeon Overview and Level Annotations

Branches:
Dungeon (10/15)            Temple (1/1) D:5            Lair (5/5) D:8
  Swamp (0/4) Lair:2       Spider (3/4) Lair:3        Slime (0/5) Lair:4
 Bailey (visited)
    Orc: D:9-12

Altars:
Ashenzari
Cheibriados
Dithmenos
Elyvilon
Fedhas
Gozag
Hepliaklqana
Kikubaaqudgha
Makhleb
Nemelex Xobeh
Okawaru
Qazlal
Ru
Sif Muna
Trog
Uskayaw
Vehumet
Wu Jian
Xom
Zin
The Shining One

Shops:
D:2 *[*=   D:4 *   D:8 *!(   Lair:2 ((   Lair:4 (

Annotations:
D:4 Blork the orc
D:9 2 transporters, jlumianski's ghost, journeyman DsFi
Spider:1 1 runed translucent door, Doj's ghost, journeyman MiBe


Innate Abilities, Weirdness & Mutations

You are very small and have problems with some larger weapons.
You are too small for most types of armour.
You have supernaturally acute eyesight. (SInv)
You cover ground extremely quickly. (Speed+++)


Message History

You start waiting.
You are no longer corroded.
You climb downwards.
The tarantella barely misses you. The tarantella completely misses you.
The entropy weaver closely misses you.
The entropy weaver completely misses you.
The entropy weaver barely misses you.
The entropy weaver completely misses you.
The tarantella touches you.
You are confused.
There is a stone staircase leading up here.
The entropy weaver casts a spell at you.
The entropic weave corrodes you! The entropy weaver misses you.
The entropy weaver hits you but does no damage.
The entropy weaver barely misses you. The entropy weaver misses you.
In your confused state, you trip and fall back down the stairs.
The entropy weaver completely misses you.
The entropy weaver misses you.
The entropy weaver completely misses you.
The entropy weaver barely misses you. The redback completely misses you.
The tarantella misses you.
You feel less confused. The redback bites you!
You are poisoned.
The redback poisons you! The entropy weaver misses you.
The entropy weaver hits you but does no damage.
The entropy weaver completely misses you.
The entropy weaver hits you!
You climb upwards.
You feel extremely sick.
There is a stone staircase leading down here.
As you read the scroll of teleportation, it crumbles to dust.
You feel strangely unstable.
You feel extremely sick. The redback bites you!
* * * LOW HITPOINT WARNING * * *
The tarantella misses you. The entropy weaver hits you!
* * * LOW HITPOINT WARNING * * *
The entropy weaver hits you.
You die...
Your body crumbles into a pile of gold.

#####
###...####
##........#
##.........##
##.?.........#
#..sB........#
#.s@.........#
##..........##
###......#.#
########^#
#..# ##.##
#..# ##.##
#^.#


You could see an entropy weaver, a tarantella and a redback.

Vanquished Creatures
  Kirke (Spider:2)
  A ghost moth (Spider:1)
  An emperor scorpion (Spider:1)
  A broodmother (Spider:2)
  A spark wasp (Spider:2)
  4 entropy weavers (Spider:2)
  4 hydras
  2 radroaches
  3 two-headed ogres
  A boulder beetle (Spider:1)
  A demonic crawler (Lair:3)
  5 death yaks
  3 pharaoh ants (Spider:2)
  An orb spider (Spider:2)
  A lindwurm (Lair:2)
  2 steelbarb worms
  Pikel (D:8)
  6 wolf spiders
  Maurice (D:8)
  Joseph (Lair:1)
  4 elephants
  6 black mambas
  11 cane toads
  A torpor snail (Lair:2)
  Psyche (D:9)
  11 komodo dragons
  6 rime drakes
  A troll (D:9)
  12 polar bears
  2 hornets
  6 tarantellas
  Grinder (D:5)
  10 blink frogs
  4 raiju (Lair:5)
  10 dream sheep
  10 jumping spiders
  4 wyverns
  21 yaks
  9 culicivoras
  4 hogs (Spider:2)
  5 steam dragons
  5 basilisks
  31 redbacks
  An acid dragon (D:8)
  4 wargs (Lair:5)
  13 hell hounds (Lair:5)
  20 water moccasins
  7 orc warriors
  A swamp drake (Lair:2)
  15 black bears
  An ice beast (D:6)
  2 ogres
  A centaur (D:7)
  13 wolves (Lair:5)
  A kobold brigand (D:9)
  10 bullfrogs
  2 scorpions
  8 wights
  3 killer bees
  A howler monkey (D:9)
  7 hounds
  3 jellies (Lair:4)
  2 gnoll boudas
  3 orc priests
  Terence (D:3)
  A sleepcap (D:7)
  4 iguanas
  Ijyb (D:5)
  5 orc wizards
  2 hell rats (Lair:1)
  5 river rats (Lair:1)
  6 adders
  9 gnolls
  A shadow imp (D:6)
  3 white imps
  An ufetubus (D:6)
  3 worms
  A dart slug (D:3)
  35 orcs
  2 ball pythons
  4 bats
  8 endoplasms
  12 giant cockroaches
  16 hobgoblins
  9 kobolds
  5 quokkas
  4 frilled lizards
  4 goblins
  4 rats
480 creatures vanquished.

Notes
Turn   | Place    | Note
-------+----------+-------------------------------------------
     0 | D:1      | SmokeWeed the Spriggan Hunter began the quest for the Orb.
     0 | D:1      | Reached XP level 1. HP: 10/10 MP: 2/2
    91 | D:1      | Reached XP level 2. HP: 14/14 MP: 3/3
   570 | D:1      | Reached XP level 3. HP: 17/18 MP: 4/4
   750 | D:2      | Found Ruhiacva's Antique Armour Emporium.
   827 | D:2      | Found Atoazi Lire's General Store.
   957 | D:2      | Reached skill level 5 in Ranged Weapons
   962 | D:2      | Found Qotion's Jewellery Shop.
  1468 | D:2      | Found Xeim's Assorted Antiques.
  1537 | D:3      | Found a shadowy altar of Dithmenos.
  1550 | D:3      | Reached XP level 4. HP: 12/23 MP: 5/5
  1794 | D:3      | You fall into a shaft and drop 2 floors!
  1794 | D:5      | Entered Level 5 of the Dungeon
  1855 | D:4      | Noticed Blork the orc
  2054 | D:3      | Noticed Terence
  2135 | D:2      | Learned a level 1 spell: Summon Small Mammal
  2333 | D:3      | Killed Terence
  2334 | D:3      | Reached skill level 6 in Ranged Weapons
  2467 | D:3      | Found a faded altar of an unknown god.
  2467 | D:3      | Found a snail-covered altar of Cheibriados.
  2475 | D:3      | Found a faded altar of an unknown god.
  2477 | D:3      | Found a burning altar of Makhleb.
  2480 | D:3      | Found an ancient bone altar of Kikubaaqudgha.
  2610 | D:4      | Reached XP level 5. HP: 26/26 MP: 6/6
  2830 | D:4      | Noticed a steam dragon
  2844 | D:4      | Killed a steam dragon
  2845 | D:4      | Reached XP level 6. HP: 29/31 MP: 7/7
  2866 | D:4      | Found Zin's Purification Station.
  2869 | D:4      | Found a glowing silver altar of Zin.
  3122 | D:4      | Reached skill level 7 in Ranged Weapons
  3355 | D:5      | Noticed Grinder
  3358 | D:5      | Paralysed by Grinder for 2 turns
  3365 | D:5      | Killed Grinder
  3366 | D:5      | Reached XP level 7. HP: 35/35 MP: 8/8
  3462 | D:5      | Reached skill level 8 in Ranged Weapons
  3600 | D:5      | Reached skill level 1 in Evocations
  3879 | D:5      | Reached XP level 8. HP: 40/40 MP: 9/9
  3918 | D:5      | Noticed Ijyb
  3922 | D:5      | Paralysed by Ijyb for 4 turns
  3968 | D:5      | Reached skill level 9 in Ranged Weapons
  3976 | D:5      | Killed Ijyb
  4008 | D:5      | Found a staircase to the Ecumenical Temple.
  4267 | Temple   | Entered the Ecumenical Temple
  4414 | Temple   | Became a worshipper of Gozag Ym Sagoz the Greedy
  4761 | D:6      | Reached skill level 10 in Ranged Weapons
  5689 | D:7      | Reached skill level 11 in Ranged Weapons
  5689 | D:7      | Reached XP level 9. HP: 45/45 MP: 10/10
  5711 | D:7      | Found a shimmering altar of Xom.
  5716 | D:7      | Found a hide-covered altar of Uskayaw.
  6741 | D:8      | Found Hodghad's Assorted Antiques.
  6760 | D:8      | Found a staircase to the Lair.
  6828 | D:8      | Bought a runed arbalest for 180 gold pieces
  6855 | D:8      | Reached skill level 12 in Ranged Weapons
  6926 | D:8      | Noticed Pikel
  7125 | D:8      | Found a stormy altar of Qazlal.
  7158 | D:8      | Killed Pikel
  7159 | D:8      | Reached skill level 5 in Fighting
  7215 | D:8      | Noticed a two-headed ogre
  7230 | D:8      | Killed a two-headed ogre
  7231 | D:8      | Reached skill level 13 in Ranged Weapons
  7231 | D:8      | Reached skill level 5 in Dodging
  7231 | D:8      | Reached XP level 10. HP: 39/51 MP: 11/11
  7315 | D:8      | Found Ezecloq's Weapon Boutique.
  7391 | D:8      | Found Veitioj's Distillery.
  7644 | D:8      | Noticed Maurice
  7649 | D:8      | Killed Maurice
  7848 | D:8      | Learned a level 1 spell: Necrotise
  7887 | D:9      | Found a flagged portal.
  7893 | Bailey   | Entered a bailey
  8380 | D:9      | Reached skill level 1 in Spellcasting
  8386 | D:9      | Found a hazy altar of Hepliaklqana.
  8429 | D:9      | Reached skill level 5 in Stealth
  8549 | D:9      | Noticed a two-headed ogre
  8552 | D:9      | Killed a two-headed ogre
  8553 | D:9      | Reached skill level 14 in Ranged Weapons
  8585 | D:9      | Noticed Psyche
  8617 | D:9      | Killed Psyche
  8660 | D:9      | Found a transporter.
  8665 | D:9      | Found a transporter.
  8666 | D:9      | Noticed jlumianski's ghost (journeyman DsFi)
  8741 | D:9      | Noticed a two-headed ogre
  8748 | D:9      | Killed a two-headed ogre
  8749 | D:9      | Reached XP level 11. HP: 53/56 MP: 16/16
  8785 | D:9      | Noticed a fire dragon
  9123 | D:10     | Entered Level 10 of the Dungeon
  9402 | Lair:1   | Entered Level 1 of the Lair of Beasts
  9519 | Lair:1   | Noticed Joseph
  9523 | Lair:1   | Killed Joseph
  9576 | Lair:1   | You fall into a shaft and drop 1 floor!
  9994 | Lair:1   | Reached skill level 5 in Evocations
 10350 | Lair:1   | Reached skill level 15 in Ranged Weapons
 11746 | Lair:1   | Reached skill level 5 in Spellcasting
 11808 | Lair:2   | Found a staircase to the Swamp.
 11881 | Lair:2   | Reached XP level 12. HP: 62/62 MP: 20/20
 11933 | Lair:2   | Noticed an eight-headed hydra
 11964 | Lair:2   | Killed an eight-headed hydra
 12158 | Lair:2   | HP: 2/63 [wyvern (7)]
 12611 | Lair:2   | Noticed a death yak
 12675 | Lair:1   | Killed a death yak
 12827 | Lair:2   | Reached skill level 16 in Ranged Weapons
 13038 | Lair:2   | Noticed a six-headed hydra
 13058 | Lair:2   | Killed a six-headed hydra
 13422 | Lair:3   | Learned a level 3 spell: Swiftness
 13430 | Lair:3   | Noticed a five-headed hydra
 13435 | Lair:3   | Killed a five-headed hydra
 13613 | Lair:3   | Reached skill level 10 in Stealth
 13619 | Lair:3   | Reached skill level 1 in Air Magic
 13750 | Lair:3   | Noticed a death yak
 13751 | Lair:3   | Noticed a death yak
 13753 | Lair:3   | Noticed a death yak
 13765 | Lair:3   | Killed a death yak
 13775 | Lair:3   | Noticed a death yak
 13799 | Lair:3   | Killed a death yak
 13800 | Lair:3   | Reached XP level 13. HP: 68/68 MP: 24/24
 13897 | Lair:3   | Found a hole to the Spider Nest.
 14776 | Lair:4   | Found a staircase to the Slime Pits.
 15236 | Lair:4   | Bought a glowing orcbow for 162 gold pieces
 15244 | Lair:5   | Entered Level 5 of the Lair of Beasts
 15717 | Lair:5   | Found a gate leading to a gauntlet.
 15798 | Lair:5   | Learned a level 4 spell: Olgreb's Toxic Radiance
 15855 | Lair:5   | Reached skill level 17 in Ranged Weapons
 15954 | Lair:5   | Reached skill level 10 in Dodging
 16304 | Lair:5   | Reached skill level 1 in Poison Magic
 16692 | Lair:5   | Reached skill level 5 in Poison Magic
 17275 | D:2      | Bought an amulet of the acrobat for 390 gold pieces
 17287 | D:2      | Bought a +6 ring of dexterity for 468 gold pieces
 17342 | D:2      | Bought an embroidered cloak for 120 gold pieces
 17576 | Spider:1 | Entered Level 1 of the Spider Nest
 17681 | Spider:1 | Found a runed translucent door.
 17987 | Spider:1 | Noticed Doj's ghost (journeyman MiBe)
 18113 | Spider:1 | Reached XP level 14. HP: 73/73 MP: 26/26
 18160 | Spider:1 | Noticed a ghost moth
 18165 | Spider:1 | Killed a ghost moth
 18244 | Spider:1 | Noticed an emperor scorpion
 18269 | Spider:1 | Killed an emperor scorpion
 19459 | Spider:2 | Noticed Kirke
 19468 | Spider:2 | Reached skill level 18 in Ranged Weapons
 19480 | Spider:2 | Killed Kirke
 19640 | Spider:2 | Noticed a broodmother
 19649 | Spider:2 | Killed a broodmother
 20826 | Spider:2 | Slain by an entropy weaver

Illustrated notes

Levels and vault maps discovered:
D:1:      minmay_arrival_arboretum_small, layout_loops_ring
D:2:      minmay_roachtagon, layout_basic, serial_curves, eino_curves_02,
          eino_curves_01, eino_curves_04, eino_curves_01, serial_shops,
          nicolae_shop_peninsula, shop, nicolae_shop_waterfront,
          nicolae_shop_tiny_waterfront
D:3:      layout_rooms, nicolae_dithmenos_through_a_glass_darkly,
          chequers_temple_overflow_minitemple, uniq_terence
D:4:      layout_loops_ring, zin_purify, uniq_blork_the_orc
D:5:      black_bear_nest_2, layout_loops_ring, minmay_temple_entry_nine_rooms,
          hangedman_decor_points, uniq_ijyb, uniq_grinder
D:6:      layout_cave_pods
D:7:      layout_gridville, chequers_temple_overflow_statue_of_worship
D:8:      layout_basic, mainiacjoe_overflow_catwalk, lair_entry_dummy,
          serial_shops, nicolae_shop_pleasant_corner_grove,
          nicolae_shop_bloodbath_and_beyond, shop_fountains, uniq_pikel,
          uniq_maurice
D:9:      layout_basic, nicolae_hepliaklqana_hazy_memory, enter_bailey_2,
          gammafunk_ghost_hive, minmay_bent, uniq_psyche
D:10:     layout_roguey [special_room_bee], nicolae_yredelemnul_corpse_copse,
          orc_0_dummy, st_stairs_11, uniq_josephine
Temple:   hc_temple_tempest_star
Lair:1:   layout_regular_city, kennysheep_abandoned_house, lemuel_fruit_tree,
          uniq_joseph
Lair:2:   layout_gridlike, minmay_swamp_entry_reptiles, minivault_23,
          chequers_serial_rivers_marsh, dreamdust_mushroom_princess,
          minivault_11, nzn_random_ring
Lair:3:   layout_regular_city, hellmonk_spider_entry_life_and_decay, st_stairs_4
Lair:4:   layout_roguey, nicolae_slime_entry_field_trip
Lair:5:   hangedman_lair_caniforms_friends, layout_gridlike,
          gauntlet_entry_generic
Spider:1: layout_spider_delve, hellmonk_ghost_happy_afterlife,
          hangedman_spider_tarantella_strand
Spider:2: layout_cave_pods, uniq_kirke
Spider:3: layout_spider_delve, spiders_nest_ghost_moth_duel

Skill      XL: |  1  2  3  4  5  6  7  8  9 10 11 12 13 14 |
---------------+-------------------------------------------+-----
Ranged Weapons | 5 6 7 8 11 13 14 15 16 17 18 | 18.6
Fighting       | 2 3 4 5 6 7 8 9 |  9.5
Stealth        | 2 3 4 5 8 10 11 | 11.4
Dodging        | 3 5 6 7 9 10 | 10.5
Evocations     | 1 3 5 7 8 |  8.7
Spellcasting   | 3 5 6 7 8 |  8.0
Air Magic      | 1 2 |  2.3
Poison Magic   | 6 |  6.1
Summonings     | |  0.1

Action                     |  1- 3 |  4- 6 |  7- 9 | 10-12 | 13-15 || total
---------------------------+-------+-------+-------+-------+-------++-------
   Fire: Shortbow          |   139 |   148 |   194 |       |       ||   481
         Orcbow            |       |       |    67 |       |       ||    67
         Arbalest          |       |       |    27 |   473 |   584 ||  1084
   Cast: Summon Small Mamm |       |     2 |       |       |       ||     2
         Olgreb's Toxic Ra |       |       |       |       |     1 ||     1
 Invoke: Call Merchant     |       |       |       |     2 |     1 ||     3
  Evoke: Wand              |       |     4 |       |       |       ||     4
    Use: Scroll            |     1 |     8 |       |    13 |    11 ||    33
         Potion            |       |       |       |     1 |     1 ||     2
 Armour: Robe              |    17 |    24 |    31 |    47 |    52 ||   171
  Dodge: Dodged            |    33 |    48 |    53 |    83 |   185 ||   402

Table legend: (Time is in decaauts)
 A = Elapsed time spent in this place.
 B = Non-inter-level travel time spent in this place.
 C = Inter-level travel time spent in this place.
 D = Time resting spent in this place.
 E = Time spent auto-exploring this place.
 F = Levels seen in this place.
 G = Mean time per level.
                   A        B        C        D        E       F      G
               +--------+--------+--------+--------+--------+-----+--------+
         Total |  14740 |  13217 |   1523 |   1253 |   7464 |  20 |  737.0 |
       Dungeon |   6950 |   5733 |   1217 |    432 |   3453 |  10 |  695.0 |
        Temple |     99 |     99 |      0 |      0 |      0 |   1 |   99.0 |
          Lair |   5218 |   5003 |    215 |    369 |   2917 |   5 | 1043.6 |
   Spider Nest |   2125 |   2035 |     90 |    452 |   1094 |   3 |  708.3 |
        Bailey |    345 |    345 |      0 |      0 |      0 |   1 |  345.0 |
               +--------+--------+--------+--------+--------+-----+--------+

Top non-repeatable levels by time:
  Lair:5: 1339 daAuts
  Lair:1: 1183 daAuts
  Lair:2: 1164 daAuts
Spider:2: 1086 daAuts
     D:8: 1086 daAuts
  Lair:3: 1057 daAuts
Spider:1: 1018 daAuts
     D:2: 917 daAuts
     D:6: 812 daAuts
     D:7: 807 daAuts
     D:5: 752 daAuts
     D:3: 710 daAuts
     D:4: 596 daAuts
     D:9: 585 daAuts
     D:1: 518 daAuts
